 Dungeon Crawl Stone Soup version 0.31-a0-196-g86fe4a5e66 (webtiles) character file.

Game seed: 10069769729772490633

8223 Dylgear the Cleaver (level 11, -2/78 (83) HPs)
             Began as a Formicid Fighter on June 24, 2023.
             Slain by Urug
             ... wielding a +2 eveningstar
              (10 damage)
             ... on level 10 of the Dungeon.
             The game lasted 00:40:56 (9033 turns).

Dylgear the Cleaver (Formicid Fighter)              Turns: 9033, Time: 00:40:57

HP:   -2/78 (83)    AC: 26    Str: 24    XL:     11   Next: 51%
MP:   11/11         EV:  7    Int:  7    God:
Gold: 361           SH:  6    Dex: 15    Spells: 10/10 levels left

rFire   + . .        D - +5 executioner's axe (protect)
rCold   + . .        c - +0 buckler
rNeg    . . .        h - +1 plate armour {rC+}
rPois   .            (helmet unavailable)
rElec   .            g - +0 cloak
rCorr   .            (no gloves)
SInv    +            e - +2 pair of boots
Will    ++...        b - amulet of the acrobat Stlth
                     G - ring of willpower
HPRegen 0.33/turn    z - ring of protection from fire
MPRegen 0.12/turn

%: acrobat
@: under a protective aura, drained
A: permanent stasis, dig shafts and tunnels, antennae 3, four strong arms
a: Dig, Shaft Self


You were on level 10 of the Dungeon.
You visited 2 branches of the dungeon, and saw 11 of its levels.
You also visited: Ossuary.

You collected 598 gold pieces.
You spent 237 gold pieces at shops.

Inventory:

Hand Weapons
 r - the +8 hammer "Spiderslayer" {flame, Str+4 Int-3}
   (You found it on level 5 of the Dungeon)

   Str:       It affects your strength (+4).
   Int:       It affects your intelligence (-3).
 x - a +1 flail of holy wrath
 A - the +7 hammer of Skirmishing {pain, rF+ MP+9}
   (You found it on level 5 of the Dungeon)

   rF:        It protects you from fire.
   MP:        It affects your magic capacity (+9).
 D - a +5 executioner's axe of protection (weapon)
Missiles
 B - 5 boomerangs
Armour
 c - a +0 buckler (worn)
 e - a +2 pair of boots (worn)
 g - a +0 cloak (worn)
 h - a +1 plate armour of cold resistance (worn)
Magical Staves
 y - the staff "Iluxelig" {rElec rC+ rCorr Conj}
   (You found it on level 5 of the Dungeon)

   [staff of conjuration]

   Base accuracy: +5 Base damage: 5 Base attack delay: 1.2 This weapon's minimum
   attack delay (0.6) is reached at skill level 12.
   rC:        It protects you from cold.
   rElec:     It insulates you from electricity.
   rCorr:     It protects you from acid and corrosion.
   Conj:      It increases the power of your Conjurations spells.
   It falls into the 'Staves' category.
   It is a weapon for one hand-pair.
Jewellery
 b - an amulet of the acrobat (around neck)
 i - an amulet of guardian spirit
 j - a ring of flight
 l - a +6 ring of intelligence
 n - a ring of positive energy
 z - a ring of protection from fire (right hand)
 E - a ring of positive energy
 G - a ring of willpower (left hand)
Wands
 k - a wand of roots (5)
 F - a wand of charming (6)
Scrolls
 a - a scroll of identify
 s - a scroll of revelation
 u - a scroll of poison
 v - a scroll of fog
 w - a scroll of acquirement
Potions
 d - a potion of ambrosia (quivered)
 f - 10 potions of curing
 m - 2 potions of lignification
 o - 3 potions of mutation
 p - a potion of brilliance
 q - 2 potions of cancellation
 t - a potion of resistance


   Skills:
 + Level 6.5 Fighting
 * Level 13.0(13.1) Axes
 + Level 2.7(8.8) Maces & Flails
 * Level 8.6 Armour
 + Level 1.7 Dodging
 + Level 1.5 Stealth
 * Level 8.7 Shields


You had 10 spell levels left.
You didn't know any spells.
Your spell library contained the following spells:

 Spells                   Type           Power      Damage    Failure   Level
 Shock                    Conj/Air       0%         1d3       100%        1
 Ensorcelled Hibernation  Hex/Ice        0%         N/A       100%        2
 Lesser Beckoning         Tloc           0%         N/A       100%        2
 Gell's Gravitas          Tloc           0%         N/A       100%        3
 Portal Projectile        Hex/Tloc       0%         N/A       100%        3
 Spider Form              Tmut/Pois      0%         N/A       100%        3
 Teleport Other           Tloc           0%         N/A       100%        3
 Tukima's Dance           Hex            0%         N/A       100%        3
 Airstrike                Air            0%         2d(0-16)  100%        4
 Anguish                  Hex/Necr       0%         N/A       100%        4
 Arcjolt                  Conj/Air       0%         1d10      100%        5
 Blade Hands              Tmut           0%         N/A       100%        5
 Plasma Beam              Fire/Air       0%         2x1d10    100%        6
 Swiftness                Air            Unusable   N/A       N/A         3
 Vhi's Electric Charge    Tloc/Air       Unusable   N/A       N/A         3

Dungeon Overview and Level Annotations

Branches:
Dungeon (10/15)            Temple (1/1) D:5            Lair (0/5) D:9
    Orc (0/2) D:9         Ossuary (visited)

Altars:
Ashenzari
Cheibriados
Dithmenos
Fedhas
Gozag
Hepliaklqana
Makhleb
Nemelex Xobeh
Okawaru
Qazlal
Ru
Sif Muna
Uskayaw
Vehumet
Xom
Yredelemnul
Zin

Shops:
D:3 !   D:8 (   D:9 *

Annotations:
D:10 Urug


Innate Abilities, Weirdness & Mutations

You cannot be hasted, slowed, berserked, paralysed or teleported.
You can dig through walls and to a lower floor.
You have a pair of large antennae on your head. (SInv)
Your four strong arms can wield two-handed weapons with a shield.


Message History

You block the wight's attack. The goblin closely misses you.
The goblin barely misses you.
Unknown command.
The wight closely misses you. The goblin closely misses you.
The goblin barely misses you.
Okay, then.
You hit Urug but do no damage. You closely miss the wight.
Urug hits you with a +2 eveningstar! The wight hits you but does no damage.
You block the goblin's attack. The goblin barely misses you.
You miss Urug. You barely miss the wight. You block the wight's attack.
Urug hits you with a +2 eveningstar. The goblin barely misses you.
The goblin hits you from afar with a +0 spear.
The wight hits you but does no damage. You block Urug's attack.
Unknown command.
Unknown command.
You slash Urug!
Urug is lightly wounded.
You slash the wight!
You destroy the wight!
The goblin barely misses you.
The goblin hits you from afar with a +0 spear.
Urug hits you with a +2 eveningstar!
* * * LOW HITPOINT WARNING * * *
The goblin hits you from afar with a +0 spear.
* * * LOW HITPOINT WARNING * * *
The goblin barely misses you.
Your Axes skill increases to level 13!
Unknown command.
Unknown command.
Unknown command.
Unknown command.
Unknown command.
Unknown command.
Unknown command.
Unknown command.
Unknown command.
Okay, then.
Okay, then.
Urug attacks as you move away! Urug hits you with a +2 eveningstar!
You die...

###+..≈#####~.# **,,,,,**
#...~#,,,*≈.# *,,*****
###.~#,∩,,~.##***,*******
##.~#,,,*~..#*,,,,,,,,,*
#..~#####≈..##,,,,,,,,,*
#..~≈~~~≈g...#,,,,,,,,,*
#.....))gg.#,,,,,,,,,,,*
#...[.).)##.,*,,,,,,,,,*
#.....o@.#*,**,,,,,,,,,*
#.....?..+,,**,,,,,,,,,,
#....../.#****,,,,,,,,,*
#........# ********,**
##.####### *,,,* ****#.<******
*******,***
*,*,..,,,,*,****,,,,,,,,,**
*,*.*****,*,**,,,,,,,,,,,,,
****,*,,,,,*,,,**,*,,,,,,,,,**


You could see Urug and 3 goblins.

Vanquished Creatures
  Joseph (D:8)
  Psyche (D:8)
  A kobold demonologist (D:9)
  A komodo dragon (D:9)
  Prince Ribbit (D:8)
  Sigmund (D:6)
  2 wyverns
  17 yaks (D:9)
  A wraith (D:9)
  Eustachio (D:6)
  A steam dragon (D:6)
  Menkaure (D:5)
  2 water moccasins
  A hornet zombie (Ossuary)
  An ice beast (D:8)
  3 orc warriors (D:8)
  2 sky beasts
  An ogre (D:5)
  A centaur (D:9)
  An elf zombie (D:6)
  2 kobold brigands
  2 bullfrogs
  2 wyvern zombies (Ossuary)
  2 gnoll sergeants
  A scorpion (D:6)
  3 wights (D:10)
  4 howler monkeys
  5 bullfrog zombies (Ossuary)
  4 centaur zombies (Ossuary)
  4 orc priests
  A gnoll bouda (D:5)
  5 hounds
  A jelly (D:6)
  Crazy Yiuf (D:5)
  6 iguanas
  14 mummies (Ossuary)
  2 human skeletons (D:6)
  3 orc wizards (D:9)
  3 killer bee zombies (Ossuary)
  A howler monkey zombie (Ossuary)
  7 adders
  10 gnolls
  6 dart slugs
  38 orcs
  6 ball pythons
  4 bats
  8 endoplasms
  4 giant cockroaches
  5 goblins
  9 hobgoblins
  7 jackals
  3 quokkas
  A frilled lizard (D:1)
  17 kobolds
  3 orc skeletons (D:6)
  5 rats
  A spectral weapon (D:8)
241 creatures vanquished.

Notes
Turn   | Place    | Note
-------+----------+-------------------------------------------
     0 | D:1      | Dylgear the Formicid Fighter began the quest for the Orb.
     0 | D:1      | Reached XP level 1. HP: 18/18 MP: 1/1
   107 | D:1      | Reached XP level 2. HP: 24/24 MP: 2/2
   321 | D:1      | Reached XP level 3. HP: 25/29 MP: 3/3
  1310 | D:3      | Reached XP level 4. HP: 36/36 MP: 4/4
  1331 | D:3      | Found Akkurud's Distillery.
  1337 | D:3      | Reached skill level 3 in Axes
  1398 | D:3      | Bought a potion of mutation for 88 gold pieces
  1470 | D:5      | Entered Level 5 of the Dungeon
  1474 | D:5      | Noticed a sky beast
  1498 | D:4      | Reached XP level 5. HP: 21/42 MP: 5/5
  1958 | D:4      | Reached skill level 4 in Axes
  2030 | D:4      | Reached XP level 6. HP: 43/48 MP: 6/6
  2950 | D:6      | Reached XP level 7. HP: 51/54 MP: 7/7
  2959 | D:6      | Reached skill level 5 in Axes
  2959 | D:6      | Reached skill level 5 in Shields
  2973 | D:6      | Found a sand-covered staircase.
  2978 | Ossuary  | Entered an ossuary
  3039 | Ossuary  | Reached skill level 6 in Axes
  3050 | Ossuary  | Reached skill level 5 in Armour
  3090 | Ossuary  | Reached XP level 8. HP: 42/61 MP: 8/8
  3172 | Ossuary  | Reached skill level 1 in Dodging
  3217 | Ossuary  | Reached skill level 7 in Axes
  3600 | Ossuary  | Reached skill level 8 in Axes
  3839 | D:5      | Reached XP level 9. HP: 45/67 MP: 9/9
  4029 | D:5      | Reached skill level 5 in Fighting
  4047 | D:5      | Identified the staff "Iluxelig" {rElec rC+ rCorr Conj}
  4176 | D:5      | Found a staircase to the Ecumenical Temple.
  4185 | Temple   | Entered the Ecumenical Temple
  4300 | D:5      | Reached skill level 9 in Axes
  4365 | D:5      | Noticed Menkaure
  4376 | D:5      | Killed Menkaure
  4662 | D:5      | Found a runed translucent door.
  4663 | D:5      | Identified the +8 hammer "Spiderslayer" {flame, Str+4
                  | Int-3}
  4663 | D:5      | Noticed Crazy Yiuf
  4671 | D:5      | Killed Crazy Yiuf
  4677 | D:5      | Identified the +7 hammer of Skirmishing {pain, rF+ MP+9}
  4733 | D:6      | Noticed Eustachio
  4743 | D:6      | Killed Eustachio
  4974 | D:6      | Reached skill level 1 in Maces & Flails
  4978 | D:6      | Noticed Sigmund
  4989 | D:6      | Killed Sigmund
  4990 | D:6      | Reached skill level 10 in Axes
  5254 | D:6      | Identified a scroll of acquirement
  5254 | D:6      | Acquired a +3 executioner's axe of electrocution
  5452 | D:7      | Reached XP level 10. HP: 74/74 MP: 10/10
  5904 | D:7      | Found a sacrificial altar of Ru.
  6197 | D:8      | Noticed Joseph
  6204 | D:8      | Killed Joseph
  6314 | D:8      | Noticed Psyche
  6324 | D:8      | Killed Psyche
  6598 | D:8      | Reached skill level 1 in Stealth
  6616 | D:8      | Noticed Prince Ribbit
  6624 | D:8      | Killed Prince Ribbit
  6979 | D:8      | Found Boekh's Weapon Boutique.
  7564 | D:8      | Reached skill level 11 in Axes
  7938 | D:9      | Found Nezies's General Store.
  7949 | D:9      | Bought a scroll of enchant armour for 97 gold pieces
  7949 | D:9      | Bought a scroll of fog for 52 gold pieces
  8096 | D:9      | Found a staircase to the Orcish Mines.
  8112 | D:9      | Reached XP level 11. HP: 76/81 MP: 11/11
  8119 | D:9      | Reached skill level 12 in Axes
  8124 | D:9      | Found an opulent altar of Gozag.
  8210 | D:9      | Noticed a manticore
  8211 | D:9      | Noticed a four-headed hydra
  8211 | D:9      | Noticed a four-headed hydra
  8211 | D:9      | Noticed a manticore
  8228 | D:9      | Noticed a cyclops
  8229 | D:9      | Noticed a centaur warrior
  8229 | D:9      | Noticed a wizard
  8229 | D:9      | Noticed a boulder beetle
  8239 | D:9      | Noticed an entropy weaver
  8329 | D:9      | Found a staircase to the Lair.
  8533 | D:9      | Found a blossoming altar of Fedhas.
  8944 | D:10     | Entered Level 10 of the Dungeon
  9006 | D:10     | Noticed Urug
  9033 | D:10     | Reached skill level 13 in Axes
  9033 | D:10     | Slain by Urug

Illustrated notes

Levels and vault maps discovered:
D:1:      heliophobic_arrival_enchanted_forest, layout_rooms, minmay_distorted
D:2:      layout_basic
D:3:      layout_basic, serial_shops, nicolae_shop_industrial_runoff
D:4:      layout_cave_pods, serial_column_ruins, column_ruins_hut,
          column_ruins_circle_medium, column_ruins_grid_1,
          column_ruins_columns_straight, column_ruins_open_tiny,
          column_ruins_open_tiny, hex_medium, minmay_joined_circles
D:5:      layout_cave_pools, minmay_temple_entry_water_ring, serial_gnoll_camp,
          gnoll_camp_mini_hut, gnoll_camp_mini_hut, gnoll_camp_mini_basic,
          gnoll_camp_mini_hut, serial_park_tiny_1, st_stairs_2,
          minmay_fractal_squares_5, uniq_crazy_yiuf_cottage, uniq_menkaure
D:6:      layout_gridville, nicolae_ossuary_entry_catacombs, serial_glass,
          glass_columns_a, glass_columns_a, nrook_pool_corridor, fountainhead,
          uniq_sigmund, uniq_eustachio
D:7:      layout_loops_ring, nicolae_ru_the_path_less_chosen
D:8:      layout_basic, serial_shops, shop, special_room [special_room_orc],
          minmay_misc_feat_encased, uniq_prince_ribbit1, uniq_joseph,
          uniq_psyche
D:9:      layout_irregular_city, grunt_gozag_statues, fedhas_altar_fruit_tree,
          david_lair_shrubbed, orc_0_dummy, serial_shops,
          nicolae_shop_advertising_works [nicolae_subvault_shop_adworks],
          chequers_serial_rivers_micro_d, grunt_ministairs_6, minivault_12
D:10:     layout_roguey, overflow_temple_1_default,
          mainiacjoe_overflow_surrounded_room, nzn_wu_jian_council_hall,
          jmf_multi_god_temple, enter_bailey_3, serial_shops, shop, uniq_harold,
          uniq_gastronok, uniq_urug
Temple:   jpeg_temple_clearing

Skill      XL: |  1  2  3  4  5  6  7  8  9 10 11 |
---------------+----------------------------------+-----
Axes           | 3 4 6 8 10 11 13 | 13.0
Armour         | 4 5 6 8 |  8.6
Fighting       | 4 5 6 |  6.5
Shields        | 5 6 7 8 |  8.7
Dodging        | 1 |  1.7
Maces & Flails | 1 2 |  2.7
Stealth        | 1 |  1.5

Action                     |  1- 3 |  4- 6 |  7- 9 | 10-12 || total
---------------------------+-------+-------+-------+-------++-------
  Melee: War axe           |    92 |   112 |   231 |       ||   435
         Mace              |       |       |    34 |       ||    34
         Executioner's axe |       |       |     4 |   188 ||   192
    Use: Scroll            |     7 |     7 |     7 |     7 ||    28
         Potion            |       |     5 |     3 |     4 ||    12
   Stab: Invisible         |       |       |       |     2 ||     2
 Armour: Scale mail        |    49 |    38 |       |       ||    87
         Chain mail        |       |     9 |   120 |    42 ||   171
         Plate armour      |       |       |       |    59 ||    59
  Dodge: Dodged            |    49 |    50 |   105 |   104 ||   308
  Block: Buckler           |    26 |    29 |    64 |    64 ||   183

Table legend: (Time is in decaauts)
 A = Elapsed time spent in this place.
 B = Non-inter-level travel time spent in this place.
 C = Inter-level travel time spent in this place.
 D = Time resting spent in this place.
 E = Time spent auto-exploring this place.
 F = Levels seen in this place.
 G = Mean time per level.
                   A        B        C        D        E       F      G
               +--------+--------+--------+--------+--------+-----+--------+
         Total |   9272 |   8619 |    653 |   1057 |   4470 |  12 |  772.7 |
       Dungeon |   8390 |   7754 |    636 |    785 |   4412 |  10 |  839.0 |
        Temple |     86 |     69 |     17 |      0 |     55 |   1 |   86.0 |
       Ossuary |    795 |    795 |      0 |    272 |      3 |   1 |  795.0 |
               +--------+--------+--------+--------+--------+-----+--------+

Top non-repeatable levels by time:
     D:8: 1464 daAuts
     D:9: 1109 daAuts
     D:5: 1006 daAuts
     D:6: 996 daAuts
     D:4: 956 daAuts
     D:7: 893 daAuts
 Ossuary: 795 daAuts
     D:2: 680 daAuts
     D:3: 665 daAuts
     D:1: 560 daAuts
  Temple: 86 daAuts
    D:10: 57 daAuts
